[ AOE2 MATCH · #506436614 ]
UnrankedMongols vs Bulgarians
Player's team · WIN
Rival team · LOSS
[ REPLAY ANALYSIS · EXTRACTED FROM THE RECORDED GAME ]
Feudal
9:53
Castle
22:29
Imperial
38:16
| APM avg | 53.1 |
| APM peak | 90 |
| eAPM avg | 22.4 |
| Villagers / military | 126 / 79 |
Focus
⚔️ 41.4% · 🌾 58.6%
Cavalry Archer ×27 · Archer ×26 · Steppe Lancer ×10 · Scout Cavalry ×9 · Militia ×3 · Trebuchet (Packed) ×3
Feudal
9:18
Castle
22:42
Imperial
—
| APM avg | 66.0 |
| APM peak | 95 |
| eAPM avg | 29.9 |
| Villagers / military | 138 / 60 |
Focus
⚔️ 22.4% · 🌾 77.6%
Militia ×14 · Skirmisher ×14 · Scorpion ×11 · Monk ×7 · Knight ×6 · Archer ×4
Match map
Initial resources + every placement click. Lines = walls · curves = elevation contours. ◆ gold · ⬟ stone · ● berries · ✦ relic · ◌ wall gap
Your base· Open — unwalled flank
Poncho's base· Open — 5t gap
Smoothed initial terrain · ◌ = detected wall gap · hover for details
Inputs per minute
— PhishStickPhilanthropist - - Poncho
Build order — PhishStickPhilanthropist
First 150 of 333 actions detected
| 0:01 | Queue | Villager (Male) |
| 0:01 | Queue | Villager (Male) |
| 0:02 | Build | House |
| 0:04 | Build | House |
| 0:13 | Queue | Villager (Male) |
| 0:21 | Queue | Villager (Male) |
| 0:22 | Queue | Villager (Male) |
| 1:35 | Queue | Villager (Male) |
| 1:35 | Queue | Villager (Male) |
| 1:44 | Build | Lumber Camp |
| 1:57 | Queue | Villager (Male) |
| 2:22 | Build | Lumber Camp |
| 2:30 | Queue | Villager (Male) |
| 2:30 | Queue | Villager (Male) |
| 3:03 | Build | House |
| 3:09 | Queue | Villager (Male) |
| 3:09 | Queue | Villager (Male) |
| 3:15 | Queue | Villager (Male) |
| 3:15 | Queue | Villager (Male) |
| 3:40 | Queue | Villager (Male) |
| 3:40 | Queue | Villager (Male) |
| 4:48 | Queue | Villager (Male) |
| 5:03 | Build | Barracks |
| 5:10 | Queue | Villager (Male) |
| 5:27 | Queue | Villager (Male) |
| 5:36 | Build | House |
| 5:56 | Queue | Militia |
| 5:57 | Queue | Militia |
| 5:59 | Queue | Villager (Male) |
| 6:24 | Queue | Villager (Male) |
| 6:37 | Queue | Militia |
| 6:41 | Build | Mining Camp |
| 7:18 | Research | Loom |
| 7:23 | Research | Feudal Age |
| 7:50 | Queue | Villager (Male) |
| 8:16 | Queue | Villager (Male) |
| 8:39 | Build | House |
| 9:09 | Build | Mill |
| 9:53 | Age | Feudal Age |
| 9:57 | Queue | Spearman |
| 9:59 | Research | Man-at-Arms (upgrade) |
| 10:06 | Build | Archery Range |
| 10:08 | Research | Double-Bit Axe |
| 10:26 | Queue | Villager (Male) |
| 10:36 | Build | Palisade Wall |
| 10:38 | Build | Palisade Wall |
| 10:41 | Build | Palisade Wall |
| 11:07 | Queue | Villager (Male) |
| 11:18 | Build | Farm |
| 11:21 | Queue | Archer |
| 11:22 | Queue | Archer |
| 11:24 | Build | House |
| 11:27 | Build | Palisade Wall |
| 11:31 | Queue | Archer |
| 11:31 | Queue | Archer |
| 11:36 | Build | Farm |
| 11:37 | Build | Farm |
| 11:39 | Queue | Archer |
| 12:00 | Build | Farm |
| 12:18 | Build | Farm |
| 12:21 | Queue | Archer |
| 12:43 | Queue | Archer |
| 12:43 | Queue | Archer |
| 12:51 | Queue | Villager (Male) |
| 12:55 | Build | Farm |
| 13:00 | Build | Farm |
| 13:02 | Build | Farm |
| 13:12 | Queue | Archer |
| 13:12 | Queue | Archer |
| 13:20 | Queue | Archer |
| 13:20 | Queue | Archer |
| 13:28 | Queue | Archer |
| 13:29 | Queue | Archer |
| 13:37 | Queue | Villager (Male) |
| 13:44 | Build | Blacksmith |
| 13:47 | Build | House |
| 13:50 | Queue | Villager (Male) |
| 13:50 | Queue | Archer |
| 13:57 | Queue | Villager (Male) |
| 14:07 | Build | Palisade Wall |
| 14:16 | Queue | Villager (Male) |
| 14:24 | Build | Farm |
| 14:27 | Build | House |
| 14:34 | Research | Fletching |
| 14:35 | Queue | Archer |
| 14:36 | Queue | Archer |
| 14:48 | Queue | Villager (Male) |
| 14:51 | Build | Palisade Wall |
| 14:53 | Build | Palisade Wall |
| 14:57 | Queue | Archer |
| 15:06 | Queue | Archer |
| 15:21 | Queue | Archer |
| 15:23 | Queue | Villager (Male) |
| 15:29 | Queue | Villager (Male) |
| 15:34 | Queue | Villager (Male) |
| 15:37 | Build | Stable |
| 15:40 | Build | Palisade Wall |
| 15:43 | Build | Palisade Wall |
| 15:49 | Queue | Archer |
| 15:50 | Queue | Villager (Male) |
| 16:06 | Queue | Villager (Male) |
| 16:16 | Build | House |
| 16:20 | Build | House |
| 16:25 | Queue | Archer |
| 16:54 | Queue | Scout Cavalry |
| 17:09 | Queue | Archer |
| 17:09 | Queue | Archer |
| 17:13 | Queue | Scout Cavalry |
| 17:15 | Queue | Villager (Male) |
| 17:34 | Queue | Villager (Male) |
| 17:50 | Build | Lumber Camp |
| 18:05 | Build | Farm |
| 18:13 | Queue | Archer |
| 18:19 | Build | Farm |
| 18:45 | Queue | Villager (Male) |
| 18:46 | Build | House |
| 18:49 | Queue | Archer |
| 19:17 | Queue | Villager (Male) |
| 19:24 | Build | Farm |
| 19:49 | Research | Castle Age |
| 19:58 | Build | Stable |
| 20:10 | Build | Farm |
| 20:11 | Queue | Villager (Male) |
| 20:34 | Queue | Scout Cavalry |
| 20:42 | Research | Horse Collar |
| 20:43 | Build | Farm |
| 20:51 | Queue | Scout Cavalry |
| 21:14 | Research | Bloodlines |
| 21:21 | Research | Bloodlines |
| 21:23 | Build | Farm |
| 21:24 | Build | Farm |
| 21:26 | Build | Farm |
| 21:31 | Queue | Villager (Male) |
| 21:36 | Build | House |
| 21:38 | Build | House |
| 21:39 | Build | House |
| 21:43 | Build | Farm |
| 21:44 | Build | Farm |
| 22:03 | Queue | Villager (Male) |
| 22:17 | Queue | Villager (Male) |
| 22:20 | Build | Farm |
| 22:20 | Build | Farm |
| 22:29 | Age | Castle Age |
| 22:33 | Queue | Steppe Lancer |
| 22:36 | Queue | Steppe Lancer |
| 22:36 | Queue | Steppe Lancer |
| 22:54 | Queue | Steppe Lancer |
| 22:56 | Build | Farm |
| 23:09 | Queue | Steppe Lancer |
| 23:40 | Queue | Villager (Male) |
Build order — Poncho
First 150 of 334 actions detected
| 0:01 | Queue | Villager (Male) |
| 0:01 | Queue | Villager (Male) |
| 0:02 | Build | House |
| 0:03 | Build | House |
| 0:12 | Queue | Villager (Male) |
| 0:20 | Queue | Villager (Male) |
| 1:31 | Queue | Villager (Male) |
| 1:59 | Queue | Villager (Male) |
| 2:30 | Queue | Villager (Male) |
| 2:30 | Queue | Villager (Male) |
| 2:41 | Build | Lumber Camp |
| 3:20 | Queue | Villager (Male) |
| 3:21 | Queue | Villager (Male) |
| 3:21 | Queue | Villager (Male) |
| 3:40 | Build | House |
| 4:05 | Queue | Villager (Male) |
| 4:12 | Queue | Villager (Male) |
| 4:12 | Queue | Villager (Male) |
| 4:40 | Queue | Villager (Male) |
| 4:40 | Queue | Villager (Male) |
| 4:41 | Queue | Villager (Male) |
| 5:10 | Queue | Villager (Male) |
| 5:22 | Queue | Villager (Male) |
| 6:12 | Queue | Villager (Male) |
| 6:23 | Build | Barracks |
| 6:39 | Research | Loom |
| 6:47 | Build | House |
| 7:08 | Research | Feudal Age |
| 7:08 | Research | Feudal Age |
| 7:13 | Queue | Militia |
| 7:29 | Queue | Militia |
| 7:39 | Build | Mining Camp |
| 8:12 | Queue | Militia |
| 8:15 | Queue | Villager (Male) |
| 8:19 | Build | House |
| 8:21 | Build | Palisade Wall |
| 8:40 | Build | Mill |
| 9:07 | Queue | Villager (Male) |
| 9:12 | Build | Palisade Wall |
| 9:14 | Queue | Militia |
| 9:18 | Build | House |
| 9:18 | Age | Feudal Age |
| 9:25 | Queue | Militia |
| 9:44 | Queue | Militia |
| 9:50 | Build | Archery Range |
| 9:52 | Build | Mill |
| 10:03 | Queue | Villager (Male) |
| 11:04 | Queue | Archer |
| 11:12 | Build | Farm |
| 11:12 | Build | Farm |
| 11:12 | Build | Farm |
| 11:12 | Build | Farm |
| 11:13 | Build | Farm |
| 11:28 | Build | Farm |
| 11:29 | Queue | Villager (Male) |
| 11:58 | Queue | Archer |
| 12:06 | Queue | Villager (Male) |
| 12:09 | Build | Farm |
| 12:24 | Queue | Villager (Male) |
| 12:48 | Queue | Militia |
| 12:48 | Queue | Militia |
| 13:01 | Build | Farm |
| 13:04 | Build | Farm |
| 13:21 | Queue | Villager (Male) |
| 13:31 | Queue | Militia |
| 13:31 | Queue | Militia |
| 13:32 | Queue | Militia |
| 13:40 | Queue | Villager (Male) |
| 13:42 | Build | Lumber Camp |
| 13:47 | Build | House |
| 13:48 | Queue | Archer |
| 13:54 | Build | Farm |
| 14:06 | Queue | Militia |
| 14:15 | Queue | Villager (Male) |
| 14:32 | Queue | Villager (Male) |
| 14:35 | Queue | Archer |
| 14:39 | Queue | Villager (Male) |
| 14:43 | Build | Blacksmith |
| 14:46 | Queue | Villager (Male) |
| 14:55 | Build | House |
| 15:19 | Queue | Skirmisher |
| 15:24 | Queue | Villager (Male) |
| 15:28 | Build | Farm |
| 15:43 | Queue | Skirmisher |
| 15:54 | Build | House |
| 15:56 | Research | Fletching |
| 16:06 | Queue | Skirmisher |
| 16:13 | Build | House |
| 16:15 | Build | Palisade Wall |
| 16:21 | Research | Padded Archer Armor |
| 16:21 | Research | Padded Archer Armor |
| 16:22 | Queue | Skirmisher |
| 16:25 | Queue | Villager (Male) |
| 16:28 | Build | Farm |
| 16:32 | Build | Palisade Wall |
| 17:16 | Queue | Skirmisher |
| 17:16 | Queue | Skirmisher |
| 17:22 | Queue | Skirmisher |
| 17:23 | Queue | Skirmisher |
| 17:24 | Queue | Villager (Male) |
| 17:24 | Queue | Villager (Male) |
| 17:35 | Queue | Villager (Male) |
| 17:38 | Build | House |
| 17:43 | Build | Farm |
| 17:56 | Queue | Villager (Male) |
| 17:59 | Build | House |
| 18:23 | Queue | Villager (Male) |
| 18:26 | Build | Farm |
| 18:27 | Queue | Skirmisher |
| 18:42 | Queue | Skirmisher |
| 18:47 | Queue | Villager (Male) |
| 18:48 | Queue | Villager (Male) |
| 18:54 | Build | Farm |
| 19:17 | Build | Farm |
| 19:19 | Queue | Villager (Male) |
| 19:22 | Build | Market |
| 19:24 | Build | House |
| 19:29 | Queue | Skirmisher |
| 19:40 | Build | Farm |
| 20:02 | Research | Castle Age |
| 20:02 | Research | Castle Age |
| 20:07 | Build | Stable |
| 20:26 | Queue | Skirmisher |
| 20:33 | Build | Farm |
| 20:50 | Queue | Spearman |
| 21:07 | Queue | Villager (Male) |
| 21:10 | Build | House |
| 21:13 | Queue | Militia |
| 21:14 | Queue | Militia |
| 21:16 | Queue | Skirmisher |
| 21:23 | Research | Double-Bit Axe |
| 21:23 | Research | Double-Bit Axe |
| 21:34 | Queue | Skirmisher |
| 21:56 | Research | Scale Mail Armor |
| 21:56 | Research | Scale Mail Armor |
| 22:10 | Queue | Villager (Male) |
| 22:13 | Build | House |
| 22:16 | Queue | Villager (Male) |
| 22:20 | Build | Farm |
| 22:27 | Queue | Villager (Male) |
| 22:27 | Queue | Villager (Male) |
| 22:42 | Age | Castle Age |
| 22:52 | Research | Bodkin Arrow |
| 22:52 | Research | Bodkin Arrow |
| 23:04 | Queue | Villager (Male) |
| 23:05 | Queue | Villager (Male) |
| 23:19 | Research | Elite Skirmisher (upgrade) |
| 23:28 | Queue | Villager (Male) |
| 23:28 | Queue | Villager (Male) |
| 23:29 | Queue | Villager (Male) |
Match timeline
| 5:03 | PhishStickPhilanthropist · first_building Barracks |
| 6:23 | Poncho · first_building Barracks |
| 8:21 | Poncho · wall_segment Palisade Wall x1 |
| 9:12 | Poncho · wall_segment Palisade Wall x5 |
| 9:18 | Poncho · age_up feudal |
| 9:50 | Poncho · first_building Archery Range |
| 9:53 | PhishStickPhilanthropist · age_up feudal |
| 10:06 | PhishStickPhilanthropist · first_building Archery Range |
| 10:36 | PhishStickPhilanthropist · wall_segment Palisade Wall x1 |
| 10:38 | PhishStickPhilanthropist · wall_segment Palisade Wall x1 |
| 10:41 | PhishStickPhilanthropist · wall_segment Palisade Wall x1 |
| 11:27 | PhishStickPhilanthropist · wall_segment Palisade Wall x9 |
| 14:07 | PhishStickPhilanthropist · wall_segment Palisade Wall x1 |
| 14:51 | PhishStickPhilanthropist · wall_segment Palisade Wall x1 |
| 14:53 | PhishStickPhilanthropist · wall_segment Palisade Wall x12 |
| 15:37 | PhishStickPhilanthropist · first_building Stable |
| 15:40 | PhishStickPhilanthropist · wall_segment Palisade Wall x1 |
| 15:43 | PhishStickPhilanthropist · wall_segment Palisade Wall x3 |
| 16:15 | Poncho · wall_segment Palisade Wall x2 |
| 16:32 | Poncho · wall_segment Palisade Wall x4 |
| 20:07 | Poncho · first_building Stable |
| 22:29 | PhishStickPhilanthropist · age_up castle |
| 22:42 | Poncho · age_up castle |
| 23:38 | Poncho · first_building Monastery |
| 24:15 | Poncho · wall_segment Palisade Wall x1 |
| 27:13 | Poncho · wall_segment Palisade Wall x1 |
| 28:03 | Poncho · first_building Siege Workshop |
| 29:22 | PhishStickPhilanthropist · first_market_buy 100 wood |
| 30:05 | Poncho · first_building Castle |
| 30:37 | Poncho · wall_segment Stone Wall x14 |
| 31:31 | Poncho · first_market_buy 100 wood |
| 33:09 | Poncho · first_building Krepost |
| 33:20 | PhishStickPhilanthropist · first_building Castle |
| 33:48 | PhishStickPhilanthropist · first_market_sell 100 food |
| 36:01 | Poncho · first_market_sell 100 wood |
| 38:16 | PhishStickPhilanthropist · age_up imperial |
| 39:27 | Poncho · resign |
[ AI ANALYSIS · 1 CREDIT ]
What really happened in this match?
Wolo.gg analyzes every decision: build order, eco, micro, common mistakes by bracket. Personalized analysis on WhatsApp or Discord in 30 seconds.
Civ guide
Mongols
Perfil
PhishStickPhilanthropist